Map: Cyber Forest LE

Players

SandboX

  • Race: Zerg Zerg
  • League: Gold
  • Spawn Location: 5:00

DRSS - Winner!

  • Race: Zerg Zerg
  • League: Platinum
  • Spawn Location: 11:00

VOD

Have the link to the VOD?

Description

Time

  • Played on: Aug. 11, 2019, 11:49 p.m.
  • Length: 7:45
Show
View Real Time Build Order
Export as new Build Order

SandboX Zerg 

Build Orders: Hatch First, Zergling Baneling 

Get SALT Encoding   

  12  0:01  Drone  
  13  0:12  Overlord  
  13  0:20  Drone  
  14  0:32  Drone x2  
  14  0:34  Drone  
  17  0:55  Hatchery  
  16  0:59  Drone  
  16  1:01  Drone  
  18  1:05  Extractor  
  17  1:19  Spawning Pool  
  16  1:29  Drone  
  16  1:30  Drone x2  
  19  1:41  Overlord  
  19  2:13  Zergling x6  
  19  2:14  Queen  
  19  2:15  Queen  
  26  2:18  Metabolic Boost  
  26  2:22  Drone  
  27  2:41  Drone x3  
  27  2:42  Drone x2  
  32  2:59  Hatchery  
  32  3:05  Drone x2  
  33  3:06  Drone  
  34  3:15  Overlord  
  34  3:16  Overlord  
  34  3:24  Zergling x4  
  33  3:34  Baneling Nest  
  32  3:46  Zergling x12  
  38  3:58  Zergling x4  
  40  4:12  Zergling x16  
  48  4:17  Overlord  
  48  4:21  Overlord  
  48  4:22  Overlord  
  48  4:25  Baneling x4  
  48  4:26  Baneling x5  
  48  4:32  Zergling x6  
  51  4:39  Overlord  
  42  4:59  Baneling  
  39  5:00  Baneling x6  
  39  5:03  Zergling x16  
  46  5:10  Extractor  
  46  5:12  Extractor  
  44  5:20  Drone x6  
  50  5:26  Baneling  
  50  5:27  Baneling  
  50  5:28  Baneling  
  50  5:49  Roach Warren  
  38  6:07  Zergling x26  
  46  6:18  Drone x3  
  46  6:19  Drone x3  
  52  6:28  Baneling  
  52  6:29  Baneling x9  
  43  7:00  Zergling x22  
  45  7:08  Queen  
  45  7:10  Zergling x4  
  49  7:21  Roach Warren  
  47  7:26  Baneling Nest  
Show
View Real Time Build Order
Export as new Build Order

DRSS Zerg - Winner!

Build Orders: Pool First, Roach Nydus 

Get SALT Encoding   

  12  0:03  Drone  
  13  0:13  Overlord  
  13  0:17  Drone  
  14  0:31  Drone x2  
  16  0:48  Spawning Pool  
  15  0:51  Drone x2  
  15  0:53  Extractor  
  16  1:16  Hatchery  
  15  1:22  Drone x2  
  17  1:27  Drone  
  18  1:43  Roach Warren  
  18  1:45  Extractor  
  16  1:51  Overlord  
  16  2:04  Queen  
  18  2:08  Drone  
  18  2:12  Drone  
  20  2:39  Queen  
  22  2:47  Drone x2  
  22  2:48  Drone x2  
  26  3:00  Roach x2  
  30  3:07  Drone  
  30  3:10  Roach  
  33  3:16  Roach  
  35  3:27  Overlord  
  35  3:36  Lair  
  35  3:41  Drone  
  36  3:46  Roach x2  
  40  3:53  Roach x2  
  44  4:12  Overlord x2  
  44  4:15  Overlord  
  44  4:30  Roach x2  
  44  4:31  Roach x2  
  52  4:34  Drone x2  
  54  4:40  Glial Reconstitution  
  54  4:46  Metabolic Boost  
  46  4:57  Roach  
  46  4:58  Roach  
  46  4:59  Roach  
  50  5:12  Drone  
  50  5:13  Nydus Network, Drone  
  51  5:19  Roach  
  51  5:21  Roach  
  55  5:30  Roach x2  
  55  5:32  Drone  
  55  5:34  Drone  
  61  5:38  Roach  
  63  5:44  Roach  
  63  5:45  Roach  
  57  6:08  Roach x5  
  67  6:14  Nydus Canal  
  67  6:18  Overlord x3  
  67  7:00  Roach x5  
  67  7:01  Roach  
  73  7:02  Roach x3  
  79  7:10  Roach x3  
  85  7:21  Roach  
  85  7:22  Roach  
Tags
 
Add a new tag
Caveats
  • Supply blocks, unpowered buildings, or Contaminate may cause inaccurate times.
  • Supply counts are checked every 10 seconds.